 Dungeon Crawl Stone Soup version 0.17-a0-946-g1856e96 (webtiles) character file.

136 FedoraBrony69 the Conjurer (level 4, -3/24 HPs)
             Began as a Deep Elf Conjurer on May 6, 2015.
             Was a Follower of Vehumet.
             Slain by an orc
             ... wielding a +0 trident
              (7 damage)
             ... on level 4 of the Dungeon.
             The game lasted 00:04:31 (2071 turns).

FedoraBrony69 the Conjurer (Deep Elf Conjurer)      Turns: 2071, Time: 00:04:31

Health: -3/24      AC:  2    Str:  5    XL:     4   Next: 98%
Magic:  0/13       EV: 13    Int: 21    God:    Vehumet [*.....]
Gold:   109        SH:  0    Dex: 15    Spells: 1 memorised, 12 levels left

rFire  . . .     SeeInvis .     j - -3 club (curse)
rCold  . . .     Clarity  .     a - +0 robe
rNeg   . . .     SustAb   .     (no shield)
rPois  .         Gourm    .     (no helmet)
rElec  .         Spirit   +     (no cloak)
rCorr  .         Warding  .     (no gloves)
rMut   .         Stasis   .     (no boots)
MR     .....                    q - amulet of guardian spirit
Stlth  ++........               (no ring)
                                (no ring)

@: not resistant to hostile enchantments, unstealthy
A: no striking features
a: Renounce Religion


You were on level 4 of the Dungeon.
You worshipped Vehumet.
Vehumet was aware of your devotion.
You were not hungry.

You visited 1 branch of the dungeon, and saw 3 of its levels.

You collected 109 gold pieces.

Inventory:

Hand weapons
 j - a cursed -3 club (weapon)
Armour
 a - a +0 robe (worn)
Jewellery
 e - an uncursed amulet of resist corrosion
 q - an amulet of guardian spirit (around neck)
Scrolls
 m - a scroll of fog {unknown}
Potions
 g - a potion of curing {unknown}
 i - a potion of haste {unknown}
 k - a potion of heal wounds {unknown}
 l - 2 potions of beneficial mutation {unknown}
 n - a potion of invisibility {unknown}
 o - a potion of degeneration {unknown}
Books
 b - a book of Conjurations

   Spells                             Type                      Level
   a - Magic Dart                     Conjuration                  1
   b - Searing Ray                    Conjuration                  2
   c - Dazzling Spray                 Conjuration/Hexes            3
   d - Fulminant Prism                Conjuration/Hexes            4
   e - Iskenderun's Mystic Blast      Conjuration                  4
   f - Iskenderun's Battlesphere      Conjuration/Charms           5
Comestibles
 c - 3 bread rations
 d - a royal jelly
 f - a beef jerky
 h - 4 meat rations


   Skills:
 - Level 2.4 Dodging
 - Level 2.4 Stealth
 + Level 5.3 Spellcasting
 + Level 5.8 Conjurations


You had 12 spell levels left.
You knew the following spells:

 Your Spells              Type           Power        Failure   Level  Hunger
a - Magic Dart            Conj           ####         1%          1    None


Dungeon Overview and Level Annotations

Branches:
Dungeon (4/15)
 Temple: D:4-7

Altars:
Vehumet

Annotations:
D:4 Ripred's ghost, weakling DrCj


Message History

The magic dart hits you!
Casting: Magic Dart
Confirm with . or Enter, or press ? or * to list all spells.
Aiming: Magic Dart
Press: ? - help, Shift-Dir - straight line, f/p - Ripred's ghost
Aim: Ripred's ghost, wielding a weapon of draining (heavily damaged)
The magic dart hits Ripred's ghost.
Ripred's ghost is heavily damaged.
The orc hits you from afar with a trident.
* * * LOW HITPOINT WARNING * * *
Unknown command.
Casting: Magic Dart
Confirm with . or Enter, or press ? or * to list all spells.
Aiming: Magic Dart
Press: ? - help, Shift-Dir - straight line, f/p - Ripred's ghost
Aim: Ripred's ghost, wielding a weapon of draining (heavily damaged)
The magic dart hits Ripred's ghost.
Ripred's ghost is heavily damaged.
The orc hits you from afar with a trident!
You die...

#......## ##.## #.......#
##..# #.......## ###..##
#........# ###...##
#.......W## ###.....##
#.........# ###........##
##.....o.## #...........#
.....##'#.####(..........#
..###
#o##@..............## ##
o. ##...............# ...
##.#.....†......# ...8
#.#(...........# ###..
###............# #..
##...........#
##.........)# ###..).....#
###..)..##


You could see Ripred's ghost and an orc.

Vanquished Creatures
  A worker ant (D:4)
  4 adders (D:2)
  6 worms
  3 giant geckos
  8 bats
  5 giant cockroaches
  7 goblins
  8 hobgoblins
  A quokka (D:2)
  2 giant newts
  7 kobolds
  5 rats
57 creatures vanquished.

Notes
Turn   | Place    | Note
--------------------------------------------------------------
     0 | D:1      | FedoraBrony69, the Deep Elf Conjurer, began the quest for the Orb.
     0 | D:1      | Reached XP level 1. HP: 10/10 MP: 6/6
   350 | D:1      | Reached XP level 2. HP: 15/15 MP: 1/8
   855 | D:2      | Reached skill level 5 in Conjurations
   947 | D:2      | Found a radiant altar of Vehumet.
   957 | D:2      | Reached XP level 3. HP: 11/19 MP: 4/10
   969 | D:2      | Became a worshipper of Vehumet
  1244 | D:2      | Reached XP level 4. HP: 24/24 MP: 3/12
  1470 | D:2      | HP: 1/24 [goblin (2)]
  1702 | D:2      | Reached skill level 5 in Spellcasting
  1735 | D:2      | You fall through a shaft for 2 floors!
  1769 | D:4      | Acquired Vehumet's first power
  1769 | D:4      | Offered knowledge of Sting by Vehumet.
  2018 | D:4      | Noticed Ripred's ghost (weakling DrCj)
  2071 | D:4      | Slain by an orc

Action                   |  1- 3 |  4- 6 || total
-------------------------+-------+-------++-------
Melee: Club              |     7 |     1 ||     8
       Unarmed           |     2 |       ||     2
 Cast: Magic Dart        |    80 |    62 ||   142
  Eat: Chunk             |       |     3 ||     3
